 Dungeon Crawl Stone Soup version 0.18.1-6-gd335043 (webtiles) character file.

602 Wooh the Ducker (level 7, -3/54 HPs)
             Began as a Human Gladiator on May 18, 2016.
             Was an Initiate of Okawaru.
             Killed from afar by an orc wizard (8 damage)
             ... with a puff of flame
             ... on level 5 of the Dungeon.
             The game lasted 00:14:21 (5915 turns).

Wooh the Ducker (Human Gladiator)                   Turns: 5915, Time: 00:14:22

Health: -3/54      AC:  5    Str: 16    XL:     7   Next: 69%
Magic:  7/7        EV: 15    Int:  8    God:    Okawaru [......]
Gold:   164        SH:  3    Dex: 15    Spells: 0 memorised, 6 levels left

rFire  . . .     SeeInvis .     a - +0 quarterstaff
rCold  . . .     Gourm    .     b - +0 leather armour
rNeg   . . .     Faith    .     (shield currently unavailable)
rPois  +         Spirit   .     c - +0 helmet
rElec  .         Dismiss  .     (no cloak)
rCorr  .         Reflect  +     (no gloves)
SustAt .         Harm     .     y - +0 pair of boots
MR     .....                    r - +3 amulet of reflection
Stlth  +.........               (no ring)
                                w - ring of poison resistance

@: not resistant to hostile enchantments, very unstealthy
A: no striking features
a: Renounce Religion


You were on level 5 of the Dungeon.
You worshipped Okawaru.
Okawaru was noncommittal.
You were very hungry.

You visited 2 branches of the dungeon, and saw 6 of its levels.

You collected 164 gold pieces.

Inventory:

Hand Weapons
 a - a +0 quarterstaff (weapon)
Missiles
 d - 3 throwing nets
 i - 59 arrows
 s - 57 bolts
 x - 4 tomahawks (quivered)
 B - 23 poisoned needles
Armour
 b - a +0 leather armour (worn)
 c - a +0 helmet (worn)
 y - a +0 pair of boots (worn)
Jewellery
 r - a +3 amulet of reflection (around neck)
 w - a ring of poison resistance (left hand)
 D - an uncursed amulet of magic regeneration
Wands
 h - a wand of flame (10/48)
Scrolls
 e - a scroll of enchant weapon {unknown}
 g - 4 scrolls of fear {unknown}
 l - 6 scrolls of identify {unknown}
 m - 2 scrolls of magic mapping {unknown}
 p - 2 scrolls of fog {unknown}
 t - a scroll of teleportation {unknown}
 u - a scroll of amnesia {unknown}
 v - 2 scrolls of noise {unknown}
Potions
 k - a potion of magic {unknown}
 n - 2 potions of flight
 o - 2 potions of brilliance {unknown}
 z - a potion of heal wounds
 A - a potion of might {unknown}
 C - a potion of degeneration {unknown}
Comestibles
 f - 3 bread rations
 j - a slice of pizza
 q - 3 fruits
 E - a meat ration
 F - a chunk of flesh


   Skills:
 + Level 4.0 Fighting
 - Level 5.4 Staves
 - Level 2.0 Throwing
 - Level 6.0 Dodging


You had 6 spell levels left.
You didn't know any spells.

Dungeon Overview and Level Annotations

Branches:
Dungeon (5/15)             Temple (1/1) D:4

Altars:
Ashenzari
Cheibriados
Elyvilon
Gozag
Kikubaaqudgha
Makhleb
Nemelex Xobeh
Okawaru
Pakellas
Qazlal
Ru
Vehumet
Yredelemnul
Zin
The Shining One

Shops:
D:5 (:


Message History

The magic dart hits you!
You bump into the rock wall.
You bump into the rock wall.
The orc wizard closely misses you. The orc wizard casts a spell at you.
The magic dart hits you!
* * * LOW HITPOINT WARNING * * *
You're too confused to move!
You feel less confused.
There is an open door here.
You see here an adder skeleton.
Okay, then.
The orc wizard gestures at you while chanting.
The puff of flame hits you!
* * * LOW HITPOINT WARNING * * *
The orc wizard casts a spell.
The orc wizard flickers and vanishes!
Deactivating autopickup; reactivate with Ctrl-A.
A puff of flame appears from out of thin air!
The puff of flame hits you!
You die...

#...............#
##############.## #.#
######.# ...##.##
###.#...#######
#.......#........
##.##.###>#...#######
.......@.......#
###########...##
##.## #.# #.# ##o##
##..o## ##...g.##
#......o## .


There were no monsters in sight!

Vanquished Creatures
  A centaur (D:5)
  The ghost of Statics the Insei, a weakling OpTm (D:3)
  3 hounds
  2 orc wizards (D:3)
  A centaur skeleton (D:5)
  An iguana (D:5)
  A worker ant (D:5)
  7 gnolls
  10 adders
  5 worms
  4 dart slugs
  4 giant geckos
  8 orcs
  7 bats
  2 giant cockroaches
  4 goblins
  13 hobgoblins
  2 quokkas
  A giant newt (D:2)
  9 kobolds
  9 rats
  A spectral orc (D:3)
96 creatures vanquished.

Notes
Turn   | Place    | Note
--------------------------------------------------------------
     0 | D:1      | Wooh the Human Gladiator began the quest for the Orb.
     0 | D:1      | Reached XP level 1. HP: 16/16 MP: 1/1
    87 | D:1      | Reached XP level 2. HP: 15/22 MP: 2/2
   128 | D:1      | Reached XP level 3. HP: 7/27 MP: 3/3
   901 | D:2      | Reached XP level 4. HP: 33/33 MP: 4/4
   990 | D:2      | HP: 1/33 [hound (3)]
  1200 | D:2      | Found a shattered altar of Ashenzari.
  1225 | D:2      | Reached skill level 5 in Staves
  1672 | D:2      | Reached XP level 5. HP: 29/38 MP: 5/5
  1796 | D:2      | Found a radiant altar of Vehumet.
  1805 | D:2      | Found a burning altar of Makhleb.
  2248 | D:2      | Reached skill level 4 in Dodging
  2468 | D:2      | Found a snail-covered altar of Cheibriados.
  2706 | D:3      | Reached XP level 6. HP: 44/44 MP: 6/6
  2720 | D:3      | Found a stormy altar of Qazlal.
  3052 | D:3      | Found a basalt altar of Yredelemnul.
  3083 | D:3      | Noticed Statics's ghost (weakling OpTm)
  3115 | D:3      | Killed Statics's ghost
  4025 | D:3      | Reached skill level 5 in Dodging
  4427 | D:3      | Reached XP level 7. HP: 29/50 MP: 7/7
  4904 | D:4      | Found a staircase to the Ecumenical Temple.
  4911 | Temple   | Entered the Ecumenical Temple
  4976 | Temple   | Became a worshipper of Warmaster Okawaru
  5029 | D:4      | Found a sparkling altar of Nemelex Xobeh.
  5118 | D:4      | Found a white marble altar of Elyvilon.
  5189 | D:4      | Reached skill level 6 in Dodging
  5387 | D:5      | Entered Level 5 of the Dungeon
  5399 | D:5      | Found Hywneu's Book Shop.
  5755 | D:5      | Found Gaeh's Antique Weapon Emporium.
  5915 | D:5      | Killed from afar by an orc wizard

Skill      XL: |  1  2  3  4  5  6  7 |
---------------+----------------------+-----
Staves         | 4 5 |  5.4
Dodging        | 4 5 6 |  6.0
Fighting       | 4 |  4.0
Throwing       | |  2.0

Action                   |  1- 3 |  4- 6 |  7- 9 || total
-------------------------+-------+-------+-------++-------
Melee: Quarterstaff      |    63 |   252 |    87 ||   402
  Use: Potion            |       |     2 |       ||     2
 Stab: Sleeping          |     1 |     1 |       ||     2
  Eat: Chunk             |       |     7 |     3 ||    10
       Meat ration       |       |     1 |       ||     1
Armor: Leather armour    |    10 |    40 |    17 ||    67
Dodge: Dodged            |    34 |   168 |    63 ||   265
Block: Other             |       |    18 |     8 ||    26
